 Dungeon Crawl Stone Soup version 0.17.0-24-gcfadda4 (webtiles) character file.

590 Sorcv the Sneak (level 7, -2/46 HPs)
             Began as a Mummy Enchanter on Nov 15, 2015.
             Was an Initiate of Ashenzari.
             Slain by an ogre
             ... wielding a +0 giant club
              (14 damage)
             ... on level 6 of the Dungeon.
             The game lasted 00:16:15 (4695 turns).

Sorcv the Sneak (Mummy Enchanter)                   Turns: 4695, Time: 00:16:15

Health: -2/46      AC:  4    Str: 12    XL:     7   Next: 16%
Magic:  8/10       EV: 12    Int: 14    God:    Ashenzari [......]
Gold:   285        SH:  0    Dex: 18    Spells: 3 memorised, 4 levels left

rFire  x . .     SeeInvis .     h - +4 dagger (venom)
rCold  + . .     Clarity  .     b - +2 robe
rNeg   + + +     SustAt   .     (no shield)
rPois  ∞         Gourm    .     (no helmet)
rElec  .         Spirit   .     (no cloak)
rCorr  .         Warding  .     (no gloves)
rMut   .         Stasis   .     (no boots)
MR     +....                    (no amulet)
Stlth  +++.......               (no ring)
                                n - ring of the Traitor {MR+ Dex+4}

@: about to teleport, somewhat resistant to hostile enchantments, fairly
stealthy
A: no food or potions, fire vulnerability, cold resistance 1, negative energy
resistance 3, torment resistance, unbreathing
a: Renounce Religion


You were on level 6 of the Dungeon.
You worshipped Ashenzari.
Ashenzari was noncommittal.
You were not hungry.

You visited 1 branch of the dungeon, and saw 6 of its levels.

You collected 285 gold pieces.

Inventory:

Hand Weapons
 a - a +1 dagger
 h - a +4 dagger of venom (weapon)
Missiles
 e - 7 silver tomahawks (quivered)
Armour
 b - a +2 robe (worn)
Jewellery
 n - the ring of the Traitor (left hand) {MR+ Dex+4}
   (You found it on level 5 of the Dungeon)

   [ring of protection from magic]

   It affects your dexterity (+4).
   It affects your resistance to hostile enchantments.
Wands
 k - a wand of teleportation (3)
Scrolls
 d - 2 scrolls of remove curse
 f - 3 scrolls of fog
 g - a scroll of recharging
 i - a scroll of teleportation
 j - 2 scrolls of identify
 l - a scroll of magic mapping
 o - a scroll of amnesia
 p - a scroll of random uselessness {unknown}
Books
 c - a book of Maledictions

   Spells                             Type                      Level
   a - Corona                         Hexes                        1
   b - Ensorcelled Hibernation        Hexes/Ice                    2
   c - Confuse                        Hexes                        3
   d - Tukima's Dance                 Hexes                        3
   e - Dazzling Spray                 Conjuration/Hexes            3
 m - a book of Necromancy

   Spells                             Type                      Level
   a - Pain                           Necromancy                   1
   b - Animate Skeleton               Necromancy                   1
   c - Vampiric Draining              Necromancy                   3
   d - Regeneration                   Charms/Necromancy            3
   e - Animate Dead                   Necromancy                   4
   f - Control Undead                 Necromancy                   4


   Skills:
 + Level 4.4 Short Blades
 - Level 1.5 Dodging
 - Level 5.0 Stealth
 - Level 2.0 Spellcasting
 - Level 3.0 Hexes
 - Level 1.0 Ice Magic
 - Level 1.0 Evocations


You had 4 spell levels left.
You knew the following spells:

 Your Spells              Type           Power        Failure   Level  Hunger
a - Corona                Hex            #......      10%         1    N/A
b - Ensorcelled Hibernat  Hex/Ice        #.....       17%         2    N/A
c - Confuse               Hex            #.......     21%         3    N/A

Dungeon Overview and Level Annotations

Branches:
Dungeon (6/15)
 Temple: D:4-7

Altars:
Ashenzari
Qazlal
Ru
Xom
Yredelemnul

Annotations:
D:3 noske's ghost, amateur FoFi
D:6 Blork the orc


Innate Abilities, Weirdness & Mutations

You do not eat or drink.
Your flesh is vulnerable to fire.
You are immune to poison.
Your flesh is cold resistant.
You are immune to negative energy.
You are immune to unholy pain and torment.
You can survive without breathing.


Message History

You kill the orc!
You open the door.
Found a paperback book.
Found a stone staircase leading down.
Your surroundings suddenly seem different.
Found a scroll labeled UGENIA EQOA.
Your magical contamination has completely faded away.
Blork the orc comes into view.
He is wielding a halberd.
You see here a scroll labeled UGENIA EQOA.
p - a scroll labeled UGENIA EQOA Blork the orc shouts!
Blork the orc casts a spell at you. The puff of frost misses you.
The ogre shouts!
You hear a shout!
Blork the orc looks braver for a moment.
The ogre hits you with a giant club!
* * * LOW HITPOINT WARNING * * *
Read which item? (? for menu, Esc to quit)
As you read the scroll of teleportation, it crumbles to dust.
You feel strangely unstable. The ogre hits you with a giant club!
You die...

.. ###.####. ###..##
##.###...... ..##.. #..
#..# ##.%#...####. ...#.#
###.##o.###.....# #.
.....# ###...........o..##
#. .o.# ....##.#..##.)...#
## #.###.# #.#..###....#
#.....# #[...# #....#
.###.....# ####O###...O#
.........# ###@..##....#
.#####..######........####
#..o..........####
+..########...# #..# #...#
#..# #...# ...# #...#
#...# #...# ##### #####


You could see an ogre.

Vanquished Creatures
  A phantom (D:4)
  Ijyb (D:2)
  3 giant frog skeletons (D:5)
  Jessica (D:2)
  Natasha (thrice) (D:2)
  2 worker ants
  A hound zombie (D:5)
  A worker ant zombie (D:5)
  Robin (D:2)
  7 adders
  7 gnolls
  An adder skeleton (D:4)
  2 worms (D:4)
  5 giant geckos
  4 orcs
  2 ball pythons
  9 bats
  6 giant cockroaches
  11 hobgoblins
  5 jackals (D:3)
  7 kobolds
  4 quokkas
  7 giant newts
  31 goblins
  A quokka skeleton (D:4)
  11 rats
134 creatures vanquished.

Notes
Turn   | Place    | Note
--------------------------------------------------------------
     0 | D:1      | Sorcv the Mummy Enchanter began the quest for the Orb.
     0 | D:1      | Reached XP level 1. HP: 13/13 MP: 3/3
   120 | D:1      | Reached skill level 3 in Hexes
   152 | D:1      | Reached XP level 2. HP: 11/19 MP: 5/5
   156 | D:1      | Learned a level 2 spell: Ensorcelled Hibernation
   914 | D:1      | Reached XP level 3. HP: 24/24 MP: 6/6
   919 | D:1      | Learned a level 3 spell: Confuse
   931 | D:2      | Found a shimmering altar of Xom.
   931 | D:2      | Found a shimmering altar of Xom.
   934 | D:2      | Found a shimmering altar of Xom.
   934 | D:2      | Found a shimmering altar of Xom.
   934 | D:2      | Found a shimmering altar of Xom.
   941 | D:2      | Noticed Jessica
   951 | D:2      | Killed Jessica
  1022 | D:2      | Reached skill level 1 in Short Blades
  1069 | D:2      | Noticed Ijyb
  1086 | D:2      | Killed Ijyb
  1086 | D:2      | Reached skill level 4 in Stealth
  1086 | D:2      | Reached XP level 4. HP: 30/30 MP: 7/7
  1125 | D:2      | Noticed Robin
  1285 | D:2      | Killed Robin
  1289 | D:2      | Noticed Natasha
  1300 | D:2      | Killed Natasha
  1300 | D:2      | Reached skill level 1 in Ice Magic
  1300 | D:2      | Reached XP level 5. HP: 29/35 MP: 4/8
  1338 | D:2      | Found a stormy altar of Qazlal.
  1444 | D:2      | Noticed Natasha
  1449 | D:2      | Killed Natasha
  1532 | D:2      | Noticed Natasha
  1539 | D:2      | Killed Natasha
  1680 | D:3      | Noticed noske's ghost (amateur FoFi)
  1716 | D:3      | HP: 1/35 [adder (1)]
  2886 | D:3      | Reached skill level 5 in Stealth
  3125 | D:3      | Reached XP level 6. HP: 36/41 MP: 9/9
  3244 | D:3      | Reached skill level 1 in Evocations
  3472 | D:4      | Found a basalt altar of Yredelemnul.
  3561 | D:4      | Found a sacrificial altar of Ru.
  4013 | D:5      | Entered Level 5 of the Dungeon
  4254 | D:5      | Reached XP level 7. HP: 46/46 MP: 6/10
  4262 | D:5      | Got a wavering marble ring
  4263 | D:5      | Identified the ring of the Traitor {MR+ Dex+4} (You found it on level 5 of the Dungeon)
  4669 | D:6      | Found a shattered altar of Ashenzari.
  4672 | D:6      | Became a worshipper of Ashenzari the Shackled
  4681 | D:6      | Noticed Blork the orc
  4695 | D:6      | Slain by an ogre

Action                   |  1- 3 |  4- 6 |  7- 9 || total
-------------------------+-------+-------+-------++-------
Melee: Dagger            |   104 |   254 |    15 ||   373
 Cast: Corona            |     2 |     2 |       ||     4
       Ensorcelled Hiber |     1 |    18 |     2 ||    21
       Confuse           |       |    14 |     3 ||    17
Evoke: Wand              |       |     1 |       ||     1
  Use: Scroll            |       |     7 |     6 ||    13
 Stab: Sleeping          |     6 |    25 |     1 ||    32
       Distracted        |       |     1 |       ||     1
       Confused          |       |     2 |     1 ||     3
